AoeStats
← VaporingCat7235

Glade

510312492Analyzed
1v1 RM · 2d ago on Sep 30, 2026· 30m 44s· 2 players
Game mode
Random Map
Map size
Tiny (2 player)
Population
200
Speed
Normal
Resources
Standard
Victory
Conquest
Starting age
Dark Age
Ending age
Imperial Age
RankedLock teamsTeams togetherTeam positionsShared explorationLock speedFull tech treeHidden civsTurbo modeCheats
Victory
Defeat
🇹🇷 Poles · Türkiye
598
+13
🇪🇸 Franks · Spain
525
-24
VaporingCat7235
9:16 Loom
11:47 Feudal Age
12:32 Double-Bit Axe
13:25 Wheelbarrow
20:07 Castle Age
20:20 Scale Barding Armor
20:30 Forging
22:30 Chain Barding Armor
22:31 Gold Mining
22:58 Bow Saw
23:06 Hand Cart
26:30 Husbandry
25:52 Light Cavalry
30:04 Gold Shaft Mining
Mşen
11:49 Feudal Age
13:09 Double-Bit Axe
13:21 Gold Mining
15:02 Scale Barding Armor
17:57 Horse Collar
18:56 Wheelbarrow
23:14 Castle Age
23:06 Bloodlines
25:46 Light Cavalry
29:22 Hand Cart
Connection lost

Rejoining the realm…

Still unreachable

The connection could not be restored.

Session expired

The server has moved on; the page needs a fresh start.